 Dungeon Crawl Stone Soup version 0.32-a0-616-g9348d4545b (console) character file.

Game seed: 12434650124508436937

34598 jejorda2 the Spear-Bearer (level 13, 0/93 HPs)
             Began as a Coglin Berserker on Mar 5, 2024.
             Was a High Priest of Trog.
             Incinerated by a smoke demon (3 damage)
             ... with a pyre arrow
             ... on level 2 of the Abyss.
             The game lasted 00:36:53 (14756 turns).

jejorda2 the Spear-Bearer (Coglin Berserker)       Turns: 14756, Time: 00:36:54

Health: 0/93       AC: 19    Str: 21    XL:     13   Next: 78%
Magic:  13/13      EV:  9    Int:  7    God:    Trog [*****.]
Gold:   1229       SH:  0    Dex: 15    Spells: 12/12 levels left

rFire   + . .        a - +0 demon trident (elec) {Jubei}
rCold   . . .        u - +6 spear {Wilburh}
rNeg    . . .        D - +2 chain mail {rF+}
rPois   .            h - +2 helmet
rElec   .            e - +2 cloak
rCorr   .            F - +0 pair of gloves
SInv    .            (no boots)
Will    ++...        (amulet unavailable) Stlth
                     (ring unavailable)
HPRegen 1.35/turn    (ring unavailable)
MPRegen 0.13/turn    (no gizmo)

%: no passive effects
@: on fire, strong-willed, spiked, on berserk cooldown, regenerating, slowed,
glowing, revved, very slow
A: off-hand wielding, slow wielding, warmup strikes, no jewellery
a: Invent Gizmo, Renounce Religion, Berserk, Trog's Hand, Brothers in Arms


You were on level 2 of the Abyss.
You worshipped Trog.
Trog was extremely pleased with you.
You visited 2 branches of the dungeon, and saw 15 of its levels.
You visited the Abyss 1 time.
You also visited: Bailey.

You collected 1229 gold pieces.

Inventory:

Hand Weapons
 a - a +0 demon trident of electrocution (weapon) {Jubei}
 b - a +1 heavy trident {Isolde}
 u - a +6 spear (offhand) {Wilburh}
Missiles
 c - 4 throwing nets
 f - 7 datura-tipped darts
 m - 28 boomerangs (quivered)
 s - 10 atropa-tipped darts
 w - 8 curare-tipped darts
 x - 34 poisoned darts
Armour
 e - a +2 cloak (worn)
 h - a +2 helmet (worn)
 D - a +2 chain mail of fire resistance (worn)
 F - a +0 pair of gloves (worn)
Wands
 d - a wand of charming (13)
 n - a wand of quicksilver (21)
 o - a wand of flame (38)
 v - a wand of polymorph (9)
 y - a wand of digging (7)
 E - a wand of roots (6)
Scrolls
 g - 6 scrolls of teleportation
 i - 4 scrolls of fear
 l - a scroll of enchant armour
 t - 2 scrolls of identify
 z - a scroll of blinking
 B - 2 scrolls of enchant weapon
Potions
 j - 10 potions of curing
 k - 3 potions of invisibility
 p - 3 potions of attraction
 q - 6 potions of enlightenment
 A - 3 potions of ambrosia
 C - 3 potions of might
 G - a potion of cancellation


   Skills:
 - Level 6.0 Fighting
 - Level 14.0 Polearms
 * Level 14.0 Throwing
 - Level 6.0 Armour
 + Level 3.4 Dodging
 + Level 4.0 Evocations


You had 12 spell levels left.
You didn't know any spells.
Your spell library was empty.

Dungeon Overview and Level Annotations

Branches:
Dungeon (12/15)            Temple (0/1) D:7            Lair (3/5) D:10
    Orc (0/2) D:12         Bailey (visited)
  Swamp: Lair:2-3    Shoals: Lair:2-3     Snake: Lair:2-3    Spider: Lair:2-3

Altars:
Ashenzari
Elyvilon
Makhleb
Qazlal
Uskayaw
Vehumet
Wu Jian
Beogh

Annotations:
Lair:3 Sonja


Innate Abilities, Weirdness & Mutations

You can wield a second weapon in your off-hand.
It takes a long time for you to wield or remove held weapons.
Your first few attacks do less damage.
You cannot equip rings or amulets.


Message History

You reach to attack!
You puncture the smoke demon with your +6 spear!
The smoke demon is moderately wounded.
You puncture the smoke demon with your +0 demon trident of electrocution!
Lightning courses through the smoke demon!
The liquid fire burns you!
* * * LOW HITPOINT WARNING * * *
Unknown command.
You are confused.
You feel invigorated. The liquid fire burns you!
* * * LOW HITPOINT WARNING * * *
The smoke demon hits you but does no damage.
The smoke demon completely misses you.
The smoke demon hits you but does no damage.
The barbs in your skin will harm you if you move.
Continue?
Okay, then.
Unknown command.
The barbs in your skin will harm you if you move.
Continue?
You puncture the smoke demon with your +6 spear!
You kill the smoke demon!
Trog accepts your kill. The liquid fire burns you!
* * * LOW HITPOINT WARNING * * *
Your Evocations skill increases to level 4!
Unknown command.
The liquid fire burns you!
* * * LOW HITPOINT WARNING * * *
You feel less invigorated.
You feel less confused. The liquid fire burns you!
* * * LOW HITPOINT WARNING * * *
The thrashing horror roars!
The liquid fire burns you!
* * * LOW HITPOINT WARNING * * *
You hit the thrashing horror with your +0 demon trident of electrocution.
The thrashing horror is lightly damaged.
You hit the thrashing horror with your +6 spear.
The liquid fire burns you!
You die...

##...# ...###
.#.....
.....#..
.........
.......
.........
...... . ...
. ......
....... . ..
..#.).##....#
# .. ..
#.#...#....##
. . .
.#@.....# ..
.
.#..X#.......
. . #..##
....... .. ..
#... .......
.. . . ...
.....#.. .
......##.
#.....## . .
. . .
...#....>..#
..... . .
##........ #.
.. . # ... .


You could see a thrashing horror.

Vanquished Creatures
  A tentacled starspawn (Abyss:2)
  Nessos (Lair:3)
  Fannar (Lair:2)
  Harold (D:10)
  2 hydras
  A centaur warrior (D:10)
  A catoblepas (Lair:2)
  Erica (D:9)
  A two-headed ogre (D:10)
  A wretched star (Abyss:2)
  A large abomination (Abyss:2)
  A deep elf pyromancer (D:12)
  An orc knight (D:12)
  2 cyclopes (D:12)
  A manticore (D:11)
  Maurice (D:8)
  2 black mambas (Lair:2)
  2 smoke demons (Abyss:2)
  Joseph (D:10)
  4 cane toads
  2 kobold demonologists (D:10)
  2 unseen horrors
  Maggie (D:9)
  A rime drake (D:10)
  A komodo dragon (Lair:2)
  A red devil (Abyss:2)
  6 trolls
  A merfolk (D:11)
  A polar bear (D:10)
  A hornet (D:10)
  3 blink frogs (Lair:1)
  4 slime creatures
  3 wyverns
  A small abomination (Abyss:2)
  3 shadows
  A wraith (D:9)
  47 yaks
  2 vampire mosquitoes (D:12)
  3 basilisks
  2 steam dragons
  A chaos spawn (Abyss:2)
  Grum (D:11)
  Edmund (D:6)
  2 acid dragons (D:9)
  2 water moccasins
  Duvessa (D:7)
  A black bear (D:7)
  3 ice beasts
  14 orc warriors
  A sky beast (D:8)
  5 ogres
  5 wolves
  3 centaurs
  12 kobold brigands
  6 bullfrogs
  5 scorpions
  4 wights (D:8)
  Dowan (D:7)
  15 killer bees
  4 howler monkeys
  6 hounds
  A bombardier beetle (D:5)
  2 gnoll boudas
  7 orc priests
  A human skeleton (D:8)
  6 iguanas
  2 sleepcaps
  14 orc wizards
  7 hell rats (Lair:2)
  A hound skeleton (D:8)
  26 gnolls
  6 adders
  2 shadow imps
  A white imp (D:8)
  2 ufetubi (D:5)
  A ribbon worm (D:2)
  3 dart slugs
  52 orcs
  5 endoplasms
  4 giant cockroaches
  9 goblins
  10 hobgoblins
  5 quokkas
  5 ball pythons
  3 bats
  2 frilled lizards (D:3)
  28 kobolds
  8 rats
  2 starspawn tentacles (Abyss:2)
421 creatures vanquished.

Vanquished Creatures (others)
  2 starspawn tentacles (Abyss:2)
2 creatures vanquished.

Grand Total: 423 creatures vanquished

Notes
Turn   | Place    | Note
-------+----------+-------------------------------------------
     0 | D:1      | jejorda2 the Coglin Berserker began the quest for the Orb.
     0 | D:1      | Reached XP level 1. HP: 18/18 MP: 1/1
    13 | D:1      | Found a faded altar of an unknown god.
    81 | D:1      | Reached XP level 2. HP: 19/24 MP: 2/2
   296 | D:1      | Reached XP level 3. HP: 29/29 MP: 3/3
   312 | D:1      | Reached ** piety under Trog
   668 | D:2      | Reached XP level 4. HP: 31/37 MP: 4/4
  1184 | D:3      | Found a radiant altar of Vehumet.
  1184 | D:3      | Found a broken altar of Ashenzari.
  1297 | D:3      | Reached XP level 5. HP: 35/42 MP: 5/5
  1677 | D:3      | Reached skill level 5 in Polearms
  1680 | D:3      | Reached XP level 6. HP: 42/49 MP: 6/6
  2393 | D:4      | Reached skill level 5 in Fighting
  2423 | D:4      | Reached *** piety under Trog
  2424 | D:4      | Reached XP level 7. HP: 42/56 MP: 7/7
  3479 | D:3      | Found an ornate altar of the Wu Jian Council.
  3479 | D:3      | Found a hide-covered altar of Uskayaw.
  3509 | D:5      | Entered Level 5 of the Dungeon
  3987 | D:5      | Reached XP level 8. HP: 57/64 MP: 8/8
  3992 | D:5      | Identified the +6 mace of Foolhardiness {flame, rF- rN+
                  | rCorr Stlth+}
  4410 | D:6      | Noticed Edmund
  4421 | D:6      | Killed Edmund
  4655 | D:6      | Found a white marble altar of Elyvilon.
  4933 | D:6      | Reached XP level 9. HP: 46/69 MP: 9/9
  5167 | D:7      | Found a stormy altar of Qazlal.
  5286 | D:7      | Noticed Duvessa
  5297 | D:7      | Killed Duvessa
  5315 | D:7      | Noticed Dowan
  5319 | D:7      | Killed Dowan
  5402 | D:7      | Reached **** piety under Trog
  5638 | D:7      | Found a staircase to the Ecumenical Temple.
  6154 | D:8      | Reached skill level 10 in Polearms
  6156 | D:8      | Reached skill level 5 in Armour
  6237 | D:8      | Found a flagged portal.
  6247 | Bailey   | Entered a bailey
  6407 | Bailey   | Reached XP level 10. HP: 76/76 MP: 10/10
  6421 | Bailey   | Identified the staff "Ces Yhir" {Fly rF+ Str+5 Fire}
  6548 | Bailey   | Found a bloodstained altar of Trog.
  6699 | D:8      | Reached skill level 1 in Throwing
  6864 | D:8      | Identified the +0 leather armour of Umytaurolu {Str+4}
  6992 | D:8      | Found a burning altar of Makhleb.
  7151 | D:8      | Noticed Maurice
  7154 | D:8      | Maurice stole 24 boomerangs
  7160 | D:8      | Something stole 537 gold
  7164 | D:8      | Something stole 175 gold
  7167 | D:8      | Killed Maurice
  7741 | D:9      | Noticed Maggie
  7757 | D:9      | Killed Maggie
  7810 | D:9      | Noticed Erica
  7839 | D:9      | Killed Erica
  7840 | D:9      | Reached XP level 11. HP: 74/81 MP: 11/11
  8130 | D:9      | Reached skill level 5 in Throwing
  8391 | D:10     | Entered Level 10 of the Dungeon
  8442 | D:10     | Reached ***** piety under Trog
  8487 | D:10     | Noticed Harold
  8503 | D:10     | Killed Harold
  8637 | D:10     | Found a staircase to the Lair.
  8693 | D:10     | Noticed a centaur warrior
  8713 | D:10     | Killed a centaur warrior
  8812 | D:10     | Reached XP level 12. HP: 88/88 MP: 12/12
  8877 | D:10     | Noticed Joseph
  8894 | D:10     | Killed Joseph
  8897 | D:10     | Noticed a two-headed ogre
  8914 | D:10     | Killed a two-headed ogre
  9007 | D:10     | Found an ornate altar of the Wu Jian Council.
  9612 | D:11     | Noticed Grum
  9734 | D:11     | Killed Grum
 10700 | D:11     | Identified the +5 long sword of Joyful Slaughter {flame,
                  | rF+ Str+6 Dex+3}
 10859 | D:12     | Found a staircase to the Orcish Mines.
 11021 | D:12     | Reached skill level 10 in Throwing
 11175 | D:12     | Found a roughly hewn altar of Beogh.
 11827 | Lair:1   | Entered Level 1 of the Lair of Beasts
 12073 | Lair:1   | Reached XP level 13. HP: 90/93 MP: 13/13
 12333 | Lair:1   | Identified a scroll of acquirement
 12333 | Lair:1   | Acquired a +0 demon trident of electrocution
 13313 | Lair:2   | Noticed Fannar
 13325 | Lair:2   | Killed Fannar
 13681 | Lair:2   | Received a gift from Trog
 14299 | Lair:3   | Reached skill level 1 in Evocations
 14335 | Lair:3   | Noticed Nessos
 14360 | Lair:3   | Killed Nessos
 14363 | Lair:3   | HP: 5/139 [poisoned by Nessos]
 14364 | Lair:3   | HP: 2/93 [poisoned by Nessos]
 14597 | Lair:3   | Noticed Sonja
 14605 | Abyss:2  | Cast into level 2 of the Abyss (Sonja)
 14712 | Abyss:2  | Noticed a tentacled starspawn
 14722 | Abyss:2  | Killed a tentacled starspawn
 14750 | Abyss:2  | HP: 3/93 [burnt (2)]
 14751 | Abyss:2  | HP: 1/93 [burnt (3)]
 14756 | Abyss:2  | Incinerated by a smoke demon

Illustrated notes

Levels and vault maps discovered:
D:1:      lemuel_arrival_cross, layout_rooms, basic_ecumenical_altar
D:2:      layout_rooms, moated_statue
D:3:      layout_loops_cross, nicolae_overflow_hidden_temple
D:4:      layout_layer_cave, minmay_stone_trees_large,
          minmay_goblin_kobold_house
D:5:      layout_gridville, hex_large, grunt_ministairs_1,
          hangedman_abyss_or_decor_slice
D:6:      layout_cave_pools, elyvilon_altar_5, uniq_edmund
D:7:      layout_basic, nicolae_qazlal_general_emergency,
          minmay_temple_entry_sparse_star, uniq_duvessa
D:8:      layout_loops_ring, makhleb_blood_cavern_becter, enter_bailey_6,
          uniq_maurice
D:9:      layout_rooms, uniq_maggie, uniq_erica
D:10:     layout_stronghold, hellmonk_lair_entry_icy, minmay_ruined_shrine,
          uniq_joseph, uniq_harold
D:11:     layout_basic, hangedman_fish_farm, uniq_grum
D:12:     layout_roguey [special_room_orc], orc_0_dummy
Lair:1:   layout_small_grid
Lair:2:   layout_gridlike, lemuel_fruit_tree, infiniplex_staircase_pool_2,
          uniq_fannar
Lair:3:   layout_cave_pods, elwin_shoals_entry_stream,
          spider_nest_entry_web_field, st_stairs_12, uniq_nessos, uniq_sonja
Abyss:2:  base:
D:7

Skill      XL: |  1  2  3  4  5  6  7  8  9 10 11 12 13 |
---------------+----------------------------------------+-----
Polearms       | 3 4 5 7 8 10 12 14 | 14.0
Fighting       | 4 5 6 |  6.0
Armour         | 3 5 6 |  6.0
Throwing       | 4 7 11 14 | 14.0
Dodging        | 3 |  3.4
Evocations     | 4 |  4.0

Action                     |  1- 3 |  4- 6 |  7- 9 | 10-12 | 13-15 || total
---------------------------+-------+-------+-------+-------+-------++-------
  Melee: Spear             |    69 |   144 |    31 |       |    91 ||   335
         Dagger            |    47 |       |       |       |       ||    47
         Trident           |       |    89 |   441 |  1013 |    97 ||  1640
         Demon trident     |       |       |       |       |   156 ||   156
  Throw: Boomerang         |       |     1 |     6 |     5 |    11 ||    23
         Dart              |       |       |     6 |    46 |    16 ||    68
 Invoke: Berserk           |       |     2 |     6 |     6 |     4 ||    18
         Trog's Hand       |       |       |     4 |     4 |     5 ||    13
  Evoke: Wand              |       |       |       |       |     3 ||     3
    Use: Scroll            |       |       |    21 |     5 |     1 ||    27
         Potion            |       |       |     1 |       |     4 ||     5
   Stab: Sleeping          |     1 |       |       |       |       ||     1
 Armour: Animal skin       |     5 |       |       |       |       ||     5
         Leather armour    |     8 |       |       |       |       ||     8
         Ring mail         |    11 |    55 |    15 |       |       ||    81
         Plate armour      |       |       |   222 |   271 |       ||   493
         Chain mail        |       |       |       |    63 |    89 ||   152
  Dodge: Dodged            |    33 |    49 |    54 |   119 |    32 ||   287

Table legend: (Time is in decaauts)
 A = Elapsed time spent in this place.
 B = Non-inter-level travel time spent in this place.
 C = Inter-level travel time spent in this place.
 D = Time resting spent in this place.
 E = Time spent auto-exploring this place.
 F = Levels seen in this place.
 G = Mean time per level.
                   A        B        C        D        E       F      G
               +--------+--------+--------+--------+--------+-----+--------+
         Total |  14714 |  14167 |    547 |    897 |  10549 |  17 |  865.5 |
       Dungeon |  11429 |  10949 |    480 |    605 |   8209 |  12 |  952.4 |
          Lair |   2744 |   2677 |     67 |    110 |   2196 |   3 |  914.7 |
         Abyss |    144 |    144 |      0 |     71 |     16 |   1 |  144.0 |
        Bailey |    396 |    396 |      0 |    111 |    127 |   1 |  396.0 |
               +--------+--------+--------+--------+--------+-----+--------+

Top non-repeatable levels by time:
     D:4: 1641 daAuts
    D:10: 1314 daAuts
     D:8: 1292 daAuts
  Lair:2: 1271 daAuts
  Lair:1: 1144 daAuts
    D:11: 1047 daAuts
    D:12: 1013 daAuts
     D:5: 989 daAuts
     D:7: 895 daAuts
     D:3: 823 daAuts
     D:6: 707 daAuts
     D:9: 607 daAuts
     D:1: 574 daAuts
     D:2: 521 daAuts
  Bailey: 396 daAuts
